 Dungeon Crawl Stone Soup version 0.28.0-53-g5a82cb258f (webtiles) character file.

Game seed: 6119099676441095801

53 Zeld the Vexing (level 3, 0/25 HPs)
             Began as a Vampire Enchanter on May 27, 2022.
             Constricted to death by a ball python (1 damage)
             ... on level 2 of the Dungeon.
             The game lasted 00:02:49 (1740 turns).

Zeld the Vexing (Vampire Enchanter)                 Turns: 1740, Time: 00:02:49

Health: 0/25       AC:  2    Str:  7    XL:     3   Next: 64%
Magic:  2/6        EV:  9    Int: 17    God:
Gold:   110        SH:  0    Dex: 16    Spells: 4/6 levels left

rFire   . . .      SeeInvis +   a - +1 dagger
rCold   . . .      Faith    .   (no shield)
rNeg    . . .      Spirit   .   b - +0 robe
rPois   .          Reflect  .   (no helmet)
rElec   .          Harm     .   (no cloak)
rCorr   .          Rampage  .   (no gloves)
Will    .....                   (no boots)
Stlth   +++.......              (no amulet)
HPRegen 0.28/turn               (no ring)
MPRegen 0.10/turn               (no ring)

@: lethally poisoned (0 -> -4), healing quickly, constricted
A: alive, fangs 3, see invisible, vampiric 2
a: Exsanguinate


You were on level 2 of the Dungeon.
You visited 1 branch of the dungeon, and saw 3 of its levels.

You collected 110 gold pieces.

Inventory:

Hand Weapons
 a - a +1 dagger (weapon)
Armour
 b - a +0 robe (worn)
Scrolls
 d - 2 scrolls of identify {unknown}
 e - a scroll of enchant weapon {unknown}
 g - a scroll of fear {unknown}
Potions
 c - a potion of invisibility
 f - a potion of heal wounds {unknown}


   Skills:
 + Level 0.8 Fighting
 * Level 2.2 Short Blades
 - Level 2.1 Dodging
 + Level 4.8 Stealth
 + Level 2.3 Spellcasting
 * Level 5.3 Hexes


You had 4 spell levels left.
You knew the following spells:

 Your Spells              Type           Power      Damage    Failure   Level
a - Ensorcelled Hibernat  Hex/Ice        20%        N/A       10%         2

Your spell library contained the following spells:

 Spells                   Type           Power      Damage    Failure   Level
 Confusing Touch          Hex            20%        N/A       6%          3
 Tukima's Dance           Hex            20%        N/A       6%          3
 Dazzling Flash           Conj/Hex       20%        N/A       19%         3
 Ozocubu's Armour         Ice            1%         N/A       50%         3
 Ozocubu's Refrigeration  Ice            0%         4d5       100%        7


Dungeon Overview and Level Annotations

Branches:
Dungeon (3/15)

Altars:
Cheibriados


Innate Abilities, Weirdness & Mutations

Your natural rate of healing is accelerated.
You have razor-sharp teeth.
You have supernaturally acute eyesight. (SInv)
You are afflicted with vampirism and can become a bat while bloodless.


Message History

You hit the adder but do no damage.
You feel sick. The adder closely misses you.
Your magical contamination has completely faded away.
You completely miss the adder.
You feel sick.
You are no longer poisoned.
The adder bites you.
You barely miss the adder. The adder bites you.
You are too injured to fight recklessly!
You are too injured to fight recklessly!
The adder bites you but does no damage.
A goblin comes into view. It is wielding a +0 club.
A ball python comes into view.
The ball python hisses angrily.
The adder bites you but does no damage.
A kobold comes into view. It is wielding a +0 dagger.
The goblin shouts!
The adder bites you.
You are poisoned.
The adder poisons you!
You feel sick.
You strike the helpless hobgoblin from behind!
You puncture the hobgoblin!
You kill the hobgoblin!
You feel sick. The adder bites you. The goblin hits you but does no damage.
You feel sick. The goblin hits you but does no damage.
You feel sick. The adder closely misses you.
You feel sick.
You feel sick.
You are no longer poisoned.
The adder bites you.
* * * LOW HITPOINT WARNING * * *
You are lethally poisoned!
The adder poisons you!
* * * LOW HITPOINT WARNING * * *
You feel sick.
The kobold shouts!
* * * LOW HITPOINT WARNING * * *
You feel sick. The ball python closely misses you. The ball python grabs you.
The ball python constricts you.
You die...

#.......###.#######รท..........
#.......# #.# #....#######
#.......###(#######....#
#...##...........##....#
#...##........g..#######
#...##...........#
#...##.........S.#
#...##.........S.#
#.........K.....@#
#.......................
#.........###.##........
#......... #.##........
#........ #. ####..... #. .....
####


You could see an adder, a goblin, a ball python and a kobold.

Vanquished Creatures
  2 adders
  A worm (D:2)
  A dart slug (D:1)
  6 ball pythons
  3 endoplasms
  A giant cockroach (D:1)
  A goblin (D:1)
  2 hobgoblins
  4 jackals
  3 kobolds (D:1)
  3 frilled lizards
  3 rats
30 creatures vanquished.

Vanquished Creatures (others)
  A fungus (D:1)
1 creature vanquished.

Grand Total: 31 creatures vanquished

Notes
Turn   | Place    | Note
-------+----------+-------------------------------------------
     0 | D:1      | Zeld the Vampire Enchanter began the quest for the Orb.
     0 | D:1      | Reached XP level 1. HP: 13/13 MP: 3/3
   237 | D:2      | Reached XP level 2. HP: 4/20 MP: 5/5
   502 | D:3      | Learned a level 2 spell: Ensorcelled Hibernation
   988 | D:1      | Found a faded altar of an unknown god.
  1272 | D:2      | Reached skill level 5 in Hexes
  1285 | D:2      | Gained mutation: You are afflicted with vampirism and can
                  | become a bat while bloodless. [Vampire growth]
  1285 | D:2      | Reached XP level 3. HP: 20/25 MP: 1/6
  1395 | D:3      | Found a snail-covered altar of Cheibriados.
  1739 | D:2      | HP: 1/25 [poisoned by an adder]
  1740 | D:2      | Constricted to death by a ball python

Illustrated notes

Levels and vault maps discovered:
D:1:      eino_arrival_water_star, layout_basic,
          shapermc_ecumenical_altar_acropolis
D:2:      minmay_kobold_bridge, layout_basic
D:3:      layout_basic, lemuel_tele_altar, hangedman_decor_diamond_cutter,
          minmay_quadrilaterals, uniq_crazy_yiuf_cottage, uniq_grinder

Skill      XL: |  1  2 |
---------------+-------+-----
Hexes          | 5 |  5.3
Short Blades   | 2 |  2.2
Fighting       | |  0.8
Dodging        | |  2.1
Stealth        | |  4.8
Spellcasting   | |  2.3

Action                   || total
-------------------------++-------
Melee: Dagger            ||   110
       Bite              ||     7
       Punch             ||     1
 Cast: Ensorcelled Hiber ||    18
 Stab: Sleeping          ||    11
       Distracted        ||     1
Armor: Robe              ||    23
Dodge: Dodged            ||    75
